 Dungeon Crawl Stone Soup version 0.17.1-3-g152610e (webtiles) character file.

627 Yevrel the Shield-Bearer (level 7, -3/61 HPs)
             Began as a Minotaur Fighter on Apr 5, 2016.
             Slain by a scorpion (6 damage)
             ... on level 4 of the Dungeon.
             The game lasted 00:07:26 (3095 turns).

Yevrel the Shield-Bearer (Minotaur Fighter)         Turns: 3095, Time: 00:07:26

Health: -3/61      AC: 11    Str: 24 (26) XL:     7   Next: 23%
Magic:  6/6        EV:  7    Int:  5      God:
Gold:   268        SH: 10    Dex: 10      Spells: 0 memorised, 6 levels left

rFire  . . .     SeeInvis .     a - +0 flail
rCold  . . .     Clarity  .     j - +0 chain mail
rNeg   . . .     SustAt   .     c - +0 shield
rPois  .         Gourm    .     (helmet restricted)
rElec  .         Spirit   .     y - +0 cloak
rCorr  .         Warding  .     (no gloves)
rMut   .         Stasis   .     (no boots)
MR     .....                    (no amulet)
Stlth  ..........               (no ring)
                                q - +4 ring of strength

@: lethally poisoned (-3 -> -14), not resistant to hostile enchantments,
extremely unstealthy
A: retaliatory headbutt, horns 2
a: no special abilities


You were on level 4 of the Dungeon.
You were very hungry.

You visited 1 branch of the dungeon, and saw 4 of its levels.

You collected 268 gold pieces.

Inventory:

Hand Weapons
 a - a +0 flail (weapon)
Missiles
 l - 3 steel tomahawks (quivered)
 u - a throwing net
Armour
 b - a +0 scale mail
 c - a +0 shield (worn)
 j - a +0 chain mail (worn)
 y - a +0 cloak (worn)
Jewellery
 q - a +4 ring of strength (left hand)
Wands
 s - a wand of digging (23)
Scrolls
 g - 2 scrolls of remove curse
 i - a scroll of amnesia
Potions
 d - a potion of might
 k - a potion of cure mutation {unknown}
 n - 4 potions of brilliance {unknown}
 o - a potion of heal wounds {unknown}
 p - a potion of curing {unknown}
 t - a potion of degeneration
 v - a potion of flight {unknown}
 w - a potion of haste {unknown}
 x - a potion of beneficial mutation {unknown}
 z - a potion of poison {unknown}
Comestibles
 e - 2 bread rations
 f - a meat ration
 h - 2 beef jerkies
 m - a slice of pizza
 r - a royal jelly


   Skills:
 + Level 5.3 Fighting
 + Level 4.6 Maces & Flails
 + Level 5.5 Armour
 + Level 2.7 Dodging
 + Level 0.5 Stealth
 + Level 6.1 Shields


You had 6 spell levels left.
You didn't know any spells.

Dungeon Overview and Level Annotations

Branches:
Dungeon (4/15)
 Temple: D:4-7

Altars:
Gozag
Sif Muna
Yredelemnul


Innate Abilities, Weirdness & Mutations

You reflexively headbutt those who attack you in melee.
You have a pair of horns on your head.


Message History

You feel sick.
* * * LOW HITPOINT WARNING * * *
You feel sick. You block the orc wizard's attack.
You thump the orc wizard!
The orc wizard is heavily wounded.
* * * LOW HITPOINT WARNING * * *
You feel sick.
The hound skeleton bites you but does no damage.
You block the orc's attack.
The orc wizard hits you but does no damage.
The scorpion stings you but does no damage.
The hound skeleton bites you but does no damage.
The orc hits you with a short sword.
* * * LOW HITPOINT WARNING * * *
The orc wizard hits you but does no damage.
You thump the orc wizard!
You kill the orc wizard!
* * * LOW HITPOINT WARNING * * *
You feel sick. The scorpion stings you.
You die...

#...# .. #####.#.###..#
##.........#.#
##........#..>#
#..............
#...........#
#......s..)# #
#....)@oZ..###.##. # #.
#......Z..........
..#.###....(...####....
...............###..#.
##....................
..............†.......
#.)..........(.....
####.................#
#..................##.#


You could see a scorpion, an orc and 2 hound skeletons.

Vanquished Creatures
  The ghost of grippy the Charmwright, an amateur MfSk (D:4)
  An ogre (D:4)
  The ghost of Tobisume the Chopper, an amateur DsBe of Trog (D:3)
  An orc wizard (D:4)
  Natasha (thrice) (D:2)
  A worker ant (D:4)
  An iguana (D:4)
  Robin (D:3)
  6 adders
  2 worms
  An adder skeleton (D:4)
  An orc (D:4)
  5 bats
  A giant cockroach (D:2)
  27 goblins
  5 hobgoblins
  10 jackals
  7 kobolds
  A quokka (D:3)
  A ball python (D:3)
  3 giant newts
  8 rats
88 creatures vanquished.

Notes
Turn   | Place    | Note
--------------------------------------------------------------
     0 | D:1      | Yevrel the Minotaur Fighter began the quest for the Orb.
     0 | D:1      | Reached XP level 1. HP: 19/19 MP: 0/0
    84 | D:1      | Reached XP level 2. HP: 24/27 MP: 1/1
    86 | D:1      | Reached skill level 4 in Armour
   736 | D:1      | Reached XP level 3. HP: 30/33 MP: 2/2
   912 | D:2      | Noticed Natasha
   916 | D:2      | Killed Natasha
  1047 | D:2      | Reached skill level 1 in Dodging
  1058 | D:2      | Reached XP level 4. HP: 40/40 MP: 3/3
  1134 | D:2      | Found a deep blue altar of Sif Muna.
  1257 | D:2      | Found an opulent altar of Gozag.
  1750 | D:2      | Noticed Natasha
  1757 | D:2      | Killed Natasha
  1761 | D:2      | Noticed Natasha
  1768 | D:2      | Killed Natasha
  2018 | D:3      | Found a basalt altar of Yredelemnul.
  2026 | D:3      | Noticed Tobisume's ghost (amateur DsBe)
  2038 | D:3      | Killed Tobisume's ghost
  2038 | D:3      | Reached skill level 5 in Shields
  2038 | D:3      | Reached XP level 5. HP: 32/47 MP: 4/4
  2577 | D:3      | Noticed Robin
  2609 | D:3      | Killed Robin
  2609 | D:3      | Reached skill level 5 in Armour
  2825 | D:4      | Noticed grippy's ghost (amateur MfSk)
  2831 | D:4      | Reached XP level 6. HP: 45/55 MP: 5/5
  2853 | D:4      | Killed grippy's ghost
  2853 | D:4      | Reached skill level 5 in Fighting
  3048 | D:4      | Noticed an ogre
  3057 | D:4      | Killed an ogre
  3057 | D:4      | Reached skill level 6 in Shields
  3057 | D:4      | Reached XP level 7. HP: 40/61 MP: 6/6
  3095 | D:4      | HP: 3/61 [poisoned by a scorpion]
  3095 | D:4      | Slain by a scorpion

Action                   |  1- 3 |  4- 6 |  7- 9 || total
-------------------------+-------+-------+-------++-------
Melee: Flail             |    76 |   134 |    15 ||   225
  Use: Scroll            |       |     5 |       ||     5
       Potion            |       |       |     1 ||     1
  Eat: Meat ration       |       |     1 |       ||     1
       Chunk             |       |     1 |       ||     1
